 Dungeon Crawl Stone Soup version 0.30-a0-778-g2ef04afb54 (webtiles) character file.

Game seed: 18431627089915936106

455 omnomnOMINOUS the Conjurer (level 7, 0/47 HPs)
             Began as an Octopode Wanderer on Feb 15, 2023.
             Slain by an ufetubus (1 damage)
             ... on level 4 of the Dungeon.
             The game lasted 00:07:20 (2475 turns).

omnomnOMINOUS the Conjurer (Octopode Wanderer)      Turns: 2475, Time: 00:07:20

Health: 0/47       AC:  1    Str: 10 (13) XL:     7   Next: 5%
Magic:  8/11       EV: 12    Int: 19      God:
Gold:   114        SH:  4    Dex:  7 (15) Spells: 9/11 levels left

rFire   + + .      SeeInvis .    a - +5 hand axe "Omyar" {freeze, Dex+2}
rCold   + . .      Faith    .    b - +0 buckler
rNeg    . . .      Spirit   .    (helmet restricted)
rPois   +          Reflect  .    (no amulet)
rElec   +          Harm     .    k - ring of protection from fire
rCorr   +          Rampage  .    m - +6 ring of strength
Will    .....                    (no ring)
Stlth   +++                      (no ring)
HPRegen 0.27/turn                (no ring)
MPRegen 0.12/turn                (no ring)
                                 (no ring)
                                 (no ring)

@: resistant, attractive, hasted, very quick
A: almost no armour, amphibious, 8 rings, camouflage 1, gelatinous body 1,
(nimble swimmer 1), tentacles
a: no special abilities


You were on level 4 of the Dungeon.
You visited 1 branch of the dungeon, and saw 4 of its levels.

You collected 114 gold pieces.

Inventory:

Hand Weapons
 a - the +5 hand axe "Omyar" (weapon) {freeze, Dex+2}
   (You found it on level 2 of the Dungeon)

   Dex:       It affects your dexterity (+2).
 i - a +0 short sword
Armour
 b - a +0 buckler (worn)
Jewellery
 k - a ring of protection from fire (left tentacle)
 m - a +6 ring of strength (right tentacle)
Wands
 j - a wand of flame (20)
Scrolls
 c - a scroll of teleportation
 d - 4 scrolls of identify {unknown}
 e - 2 scrolls of fog {unknown}
 g - 2 scrolls of noise {unknown}
 p - a scroll of fear {unknown}
Potions
 o - a potion of brilliance {unknown}


   Skills:
 + Level 3.6 Fighting
 - Level 1.0 Short Blades
 + Level 2.8 Dodging
 - Level 2.6 Stealth
 + Level 3.6 Shields
 + Level 2.9 Spellcasting
 + Level 3.7 Conjurations


You had 9 spell levels left.
You knew the following spells:

 Your Spells              Type           Power      Damage    Failure   Level
a - Magic Dart            Conj           64%        1d6       4%          1
b - Foxfire               Conj/Fire      36%        2x1d5     10%         1

Your spell library contained the following spells:

 Spells                   Type           Power      Damage    Failure   Level
 Shock                    Conj/Air       36%        1d5       10%         1
 Inner Flame              Hex/Fire       2%         N/A       52%         3
 Cause Fear               Hex            1%         N/A       90%         4
 Discord                  Hex            1%         N/A       100%        8


Dungeon Overview and Level Annotations

Branches:
Dungeon (4/15)
 Temple: D:4-7

Altars:
Wu Jian

Shops:
D:1 [[   D:2 ?


Innate Abilities, Weirdness & Mutations

You cannot wear most types of armour.
You are amphibious.
You can wear up to eight rings at the same time.
Your skin changes colour to match your surroundings (Stealth+).
Your rubbery body absorbs attacks. (AC +1, EV +1)
((You are camouflaged when in or above water. (Stealth+)))
You have tentacles for arms and can constrict up to eight enemies at once.


Message History

The shadow imp hits you.
* * * LOW HITPOINT WARNING * * *
Eustachio mumbles some strange words.
The ufetubus hits you but does no damage.
The ufetubus hits you.
* * * LOW HITPOINT WARNING * * *
The quasit is attracted toward you.
Unknown command.
It was a potion of curing.
You feel better.
You constrict Eustachio. The ufetubus hits you. x2
* * * LOW HITPOINT WARNING * * *
You block the orc's attack. Eustachio hits you with a +0 rapier.
* * * LOW HITPOINT WARNING * * *
The shadow imp grinds its teeth.
The shadow imp closely misses you.
You feel better.
You constrict Eustachio. The quasit barely misses you.
The quasit claws you but does no damage.
The quasit barely misses you. The ufetubus hits you.
* * * LOW HITPOINT WARNING * * *
You block the ufetubus's attack. The orc completely misses you.
Eustachio hits you with a +0 rapier!
* * * LOW HITPOINT WARNING * * *
The shadow imp barely misses you.
Unknown command.
You slash Eustachio! You freeze Eustachio. You squeeze Eustachio.
You kill Eustachio!
The quasit disappears in a puff of smoke!
You hit the shadow imp but do no damage.
You miss the ufetubus. You hit the orc but do no damage.
You block the ufetubus's attack. The ufetubus hits you.
* * * LOW HITPOINT WARNING * * *
You feel your intelligence returning.
You have reached level 7!
Okay, then.
Unknown command.
You barely miss the orc. Your grab misses the orc. You squeeze the orc!
You kill the orc!
You hit the shadow imp but do no damage.
You closely miss the ufetubus. The ufetubus hits you.
You die...

##..##....
.#.....?... #.h..
.....#..... .>...
......... #.#...
#........ .....#
#.......#####.....#
......§##........h
...##.)§5..........
#.....@...........
##...).5...>#.....
#..?.......# ....
.............# ..
.##.<.........#
#.......♣♣.P#
######.#♣ .P# #.#
..#


You could see a shadow imp and an ufetubus.

Vanquished Creatures
  Eustachio (D:4)
  2 quasits (D:3)
  An orc priest (D:3)
  Jessica (D:2)
  Robin (D:2)
  4 gnolls (D:3)
  3 adders
  A shadow imp (D:4)
  An ufetubus (D:4)
  2 worms (D:2)
  A dart slug (D:2)
  8 orcs
  8 ball pythons
  4 bats
  4 endoplasms
  3 giant cockroaches
  18 goblins
  4 hobgoblins
  10 jackals
  A quokka (D:3)
  2 frilled lizards
  2 kobolds
  6 rats
88 creatures vanquished.

Vanquished Creatures (others)
  53 foxfires
53 creatures vanquished.

Grand Total: 141 creatures vanquished

Notes
Turn   | Place    | Note
-------+----------+-------------------------------------------
     0 | D:1      | omnomnOMINOUS the Octopode Wanderer began the quest for the
                  | Orb.
     0 | D:1      | omnomnOMINOUS set off with the following items: a +0 short
                  | sword, a +0 buckler, a scroll of teleportation; and the
                  | following spells available to memorise: Magic Dart,
                  | Foxfire, Shock.
     0 | D:1      | Reached XP level 1. HP: 14/14 MP: 2/2
     2 | D:1      | Learned a level 1 spell: Magic Dart
     4 | D:1      | Learned a level 1 spell: Foxfire
     8 | D:1      | Found Cubatt's Antique Armour Shop.
   137 | D:1      | Found Xounuid's Armour Boutique.
   223 | D:1      | Reached XP level 2. HP: 15/19 MP: 3/3
   487 | D:1      | Found a faded altar of an unknown god.
   603 | D:2      | Reached skill level 1 in Dodging
   603 | D:2      | Reached XP level 3. HP: 18/25 MP: 3/5
   628 | D:2      | Found The Oracle's Delphic Readings.
  1049 | D:2      | Identified the +5 hand axe "Omyar" {freeze, Dex+2}
  1073 | D:2      | Noticed Jessica
  1076 | D:2      | Killed Jessica
  1077 | D:2      | Reached XP level 4. HP: 21/30 MP: 6/6
  1116 | D:2      | Noticed Robin
  1117 | D:2      | Found an ornate altar of the Wu Jian Council.
  1131 | D:2      | Killed Robin
  1405 | D:3      | Reached XP level 5. HP: 32/35 MP: 8/8
  2191 | D:4      | Noticed a black bear
  2195 | D:4      | Reached XP level 6. HP: 42/42 MP: 9/9
  2233 | D:4      | Noticed Eustachio
  2474 | D:4      | Killed Eustachio
  2474 | D:4      | HP: 1/42 [ufetubus (4)]
  2475 | D:4      | Reached XP level 7. HP: 1/47 MP: 8/11
  2475 | D:4      | Slain by an ufetubus

Illustrated notes

Levels and vault maps discovered:
D:1:      roderic_crop_circles_arrival_small, layout_rooms,
          shapermc_ecumenical_altar_petra, serial_shops,
          nicolae_shop_overgrown_old_shop, nicolae_square_shop
D:2:      layout_rooms, basic_altar, nicolae_nh_oracle_at_delphi, uniq_robin,
          uniq_jessica
D:3:      layout_basic
D:4:      layout_rooms, serial_demonic, serial_demonic_d, serial_demonic_c,
          serial_demonic_d, serial_demonic_e, serial_demonic_a,
          serial_demonic_b, uniq_eustachio, uniq_pikel

Skill      XL: |  1  2  3  4  5 |
---------------+----------------+-----
Dodging        | 1 2 |  2.8
Spellcasting   | 2 |  2.9
Conjurations   | 3 |  3.7
Fighting       | 3 |  3.6
Shields        | 3 |  3.6
Short Blades   | |  1.0
Stealth        | |  2.6

Action                     |  1- 3 |  4- 6 |  7- 9 || total
---------------------------+-------+-------+-------++-------
  Melee: Short sword       |    51 |       |       ||    51
         Constrict         |    14 |    20 |       ||    34
         Tentacles         |    13 |    14 |     1 ||    28
         Hand axe          |     2 |    66 |     1 ||    69
   Cast: Foxfire           |     7 |    23 |       ||    30
    Use: Potion            |       |     6 |       ||     6
   Stab: Sleeping          |     5 |     4 |       ||     9
 Armour: Skin              |     3 |    11 |       ||    14
  Dodge: Dodged            |    12 |    85 |       ||    97
  Block: Buckler           |    12 |    23 |       ||    35

Table legend: (Time is in decaauts)
 A = Elapsed time spent in this place.
 B = Non-inter-level travel time spent in this place.
 C = Inter-level travel time spent in this place.
 D = Time resting spent in this place.
 E = Time spent auto-exploring this place.
 F = Levels seen in this place.
 G = Mean time per level.
                   A        B        C        D        E       F      G
               +--------+--------+--------+--------+--------+-----+--------+
         Total |   2493 |   2284 |    209 |    281 |   1402 |   4 |  623.2 |
       Dungeon |   2493 |   2284 |    209 |    281 |   1402 |   4 |  623.2 |
               +--------+--------+--------+--------+--------+-----+--------+

Top non-repeatable levels by time:
     D:3: 1055 daAuts
     D:2: 792 daAuts
     D:1: 575 daAuts
     D:4: 70 daAuts
